Map: Zealot Hockey

Players

Klendaju

  • Race: Protoss Protoss

BánhMì

  • Race: Protoss Protoss
  • League: Master

kivi

  • Race: Protoss Protoss

Kamchak

  • Race: Protoss Protoss

RedSkater

  • Race: Protoss Protoss

GuyInTheChat

  • Race: Protoss Protoss

Boukan

  • Race: Protoss Protoss

NOOOOOOOOB

  • Race: Protoss Protoss

VOD

Have the link to the VOD?

Description

Time

  • Played on: Dec. 28, 2024, 4:40 p.m.
  • Length: 21:25
Show
View Real Time Build Order
Export as new Build Order

Klendaju Protoss 

Build Orders:  

Get SALT Encoding   

    0:00  Zealot  
  2  0:52  Zealot  
    1:19  Unknown  
  2  3:18  Zealot  
  2  3:45  Unknown  
  2  5:09  Zealot  
  2  5:33  Immortal  
  2  5:36  Unknown  
  2  6:12  Unknown  
  4  6:19  Unknown  
  4  6:46  Unknown  
  4  7:10  Unknown  
  4  7:26  Zealot  
  4  7:31  Unknown  
  4  7:53  Unknown  
  2  9:20  Zealot  
  2  9:47  Unknown  
  2  9:57  Zealot  
  2  10:24  Unknown  
  2  10:36  Immortal  
  2  11:15  Unknown  
  4  11:33  Zealot  
  4  11:36  Unknown  
  4  11:50  Unknown  
  4  12:00  Unknown  
  2  13:01  Zealot  
  2  13:28  Unknown  
  2  15:08  Zealot  
  2  15:35  Unknown  
  2  16:49  Immortal  
  2  17:28  Unknown  
  2  17:29  Zealot  
  4  17:56  Unknown  
  2  18:03  Zealot  
  2  18:30  Unknown  
Show
View Real Time Build Order
Export as new Build Order

BánhMì Protoss 

Build Orders:  

Get SALT Encoding   

    0:03  Zealot  
    0:27  Zealot  
  2  0:40  Immortal  
    1:19  Unknown  
  4  3:18  Zealot  
  4  3:45  Unknown  
  2  5:09  Zealot  
  2  5:36  Unknown  
  2  5:45  Zealot  
  2  6:12  Unknown  
  2  7:14  Immortal  
  2  7:53  Unknown  
  4  8:54  Unknown  
  4  9:15  Unknown  
  4  9:20  Zealot  
  4  9:47  Unknown  
  2  9:57  Zealot  
  2  10:24  Unknown  
  2  10:48  Zealot  
  2  11:15  Unknown  
  2  11:21  Immortal  
  2  12:00  Unknown  
  4  12:27  Unknown  
  4  13:00  Unknown  
  4  13:01  Zealot  
  4  13:25  Unknown  
  4  13:28  Unknown  
  2  15:08  Zealot  
  2  15:35  Unknown  
  2  17:01  Zealot  
  2  17:28  Unknown  
  2  18:03  Zealot  
  2  18:30  Unknown  
Show
View Real Time Build Order
Export as new Build Order

kivi Protoss 

Build Orders:  

Get SALT Encoding   

    0:03  Zealot  
    0:12  Zealot  
  2  0:52  Zealot  
    1:19  Unknown  
  2  3:06  Immortal  
  2  3:45  Unknown  
  4  4:05  Unknown  
  4  4:17  Unknown  
  4  4:46  Unknown  
  4  5:09  Zealot  
  4  5:36  Unknown  
  2  5:45  Zealot  
  2  6:12  Unknown  
  2  7:26  Zealot  
  2  7:53  Unknown  
  2  9:08  Immortal  
  2  9:47  Unknown  
  4  9:57  Zealot  
  4  10:13  Unknown  
  4  10:24  Unknown  
  2  10:48  Zealot  
  2  11:15  Unknown  
  2  11:33  Zealot  
  2  12:00  Unknown  
  2  12:49  Immortal  
  2  13:28  Unknown  
  4  14:17  Unknown  
  4  14:35  Unknown  
  4  15:08  Zealot  
  4  15:35  Unknown  
  2  17:01  Zealot  
  2  17:28  Unknown  
  2  18:03  Zealot  
  2  18:30  Unknown  
Show
View Real Time Build Order
Export as new Build Order

Kamchak Protoss 

Build Orders:  

Get SALT Encoding   

    0:03  Zealot  
    0:25  Zealot  
  2  0:40  Immortal  
    1:19  Unknown  
  4  3:18  Zealot  
  4  3:45  Unknown  
  2  5:09  Zealot  
  2  5:36  Unknown  
  2  5:45  Zealot  
  2  6:12  Unknown  
  2  7:14  Immortal  
  2  7:53  Unknown  
  4  8:41  Zealot, Unknown  
  4  8:57  Immortal  
  4  9:08  Unknown  
  2  9:20  Zealot  
  2  9:36  Unknown  
  2  9:37  Unknown  
  4  9:47  Unknown  
  2  9:57  Zealot  
  2  10:24  Unknown  
  2  10:48  Zealot  
  2  11:15  Unknown  
  2  11:21  Immortal  
  2  12:00  Unknown  
  4  12:19  Unknown  
  4  12:45  Unknown  
  4  12:53  Unknown  
  4  13:01  Zealot  
  4  13:15  Unknown  
  4  13:28  Unknown  
  2  15:08  Zealot  
  2  15:35  Unknown  
  2  17:01  Zealot  
  2  17:28  Unknown  
  2  17:51  Immortal  
  2  18:30  Unknown  
  4  19:01  Zealot  
  4  19:02  Immortal  
  4  19:26  Unknown  
  4  19:28  Unknown  
  2  19:41  Unknown  
  4  19:55  Unknown  
  4  20:59  Unknown  
  4  21:12  Unknown  
Show
View Real Time Build Order
Export as new Build Order

RedSkater Protoss 

Build Orders:  

Get SALT Encoding   

    0:00  Zealot  
  2  0:52  Zealot  
    1:19  Unknown  
  2  3:18  Zealot  
  2  3:45  Unknown  
  2  4:57  Immortal  
  2  5:36  Unknown  
  4  5:45  Zealot  
  4  6:02  Unknown  
  4  6:12  Unknown  
  2  7:26  Zealot  
  2  7:53  Unknown  
  2  9:20  Zealot  
  2  9:45  Immortal  
  2  9:47  Unknown  
  2  10:24  Unknown  
  2  10:27  Immortal, Zealot  
  4  10:48  Zealot  
  4  10:54  Unknown  
  2  11:06  Unknown  
  4  11:13  Unknown  
  4  11:15  Unknown  
  2  11:33  Zealot  
  2  12:00  Unknown  
  2  13:01  Zealot  
  2  13:28  Unknown  
  2  14:56  Immortal  
  2  15:35  Unknown  
  4  15:39  Zealot  
  4  15:40  Immortal  
  4  16:06  Unknown  
  2  16:19  Unknown  
  2  16:21  Unknown  
  4  17:01  Zealot  
  4  17:07  Unknown  
  4  17:28  Unknown  
  2  18:03  Zealot  
  2  18:30  Unknown  
Show
View Real Time Build Order
Export as new Build Order

GuyInTheChat Protoss 

Build Orders:  

Get SALT Encoding   

    0:03  Zealot  
    0:30  Zealot  
  2  0:52  Zealot  
    1:19  Unknown  
  2  3:18  Zealot  
  2  3:45  Unknown  
  2  5:09  Zealot  
  2  5:33  Immortal  
  2  5:36  Unknown  
  2  6:12  Unknown  
  4  6:37  Unknown  
  4  6:50  Unknown  
  4  7:26  Zealot  
  4  7:50  Unknown  
  4  7:53  Unknown  
  2  9:20  Zealot  
  2  9:47  Unknown  
  2  9:57  Zealot  
  2  10:24  Unknown  
  2  10:36  Immortal  
  2  11:15  Unknown  
  4  11:33  Zealot  
  4  11:43  Unknown  
  4  12:00  Unknown  
  2  13:01  Zealot  
  2  13:28  Unknown  
  2  15:08  Zealot  
  2  15:35  Unknown  
  2  16:49  Immortal  
  2  17:28  Unknown  
  4  17:51  Immortal  
  4  18:02  Unknown  
  4  18:18  Unknown  
  4  18:30  Unknown  
  4  18:59  Unknown  
  4  19:37  Unknown  
  4  20:08  Unknown  
  4  20:25  Unknown  
  4  21:21  Unknown  
Show
View Real Time Build Order
Export as new Build Order

Boukan Protoss 

Build Orders:  

Get SALT Encoding   

    0:03  Zealot  
    0:21  Zealot  
  4  0:52  Zealot  
    1:19  Unknown  
  2  3:06  Immortal  
  2  3:45  Unknown  
  4  4:06  Unknown  
  4  4:26  Unknown  
  4  4:59  Unknown  
  4  5:09  Zealot  
  4  5:18  Unknown  
  4  5:26  Unknown  
  4  5:36  Unknown  
  2  5:45  Zealot  
  2  6:12  Unknown  
  2  7:26  Zealot  
  2  7:53  Unknown  
  2  9:08  Immortal  
  2  9:47  Unknown  
  4  9:57  Zealot  
  4  10:01  Unknown  
  4  10:24  Unknown  
  2  10:48  Zealot  
  2  11:15  Unknown  
  2  11:33  Zealot  
  2  12:00  Unknown  
  2  12:49  Immortal  
  2  13:28  Unknown  
  4  14:08  Unknown  
  4  14:25  Unknown  
  4  15:03  Unknown  
  4  15:08  Zealot  
  4  15:16  Unknown  
  4  15:35  Unknown  
  2  17:01  Zealot  
  2  17:28  Unknown  
  2  18:03  Zealot  
  2  18:30  Unknown  
Show
View Real Time Build Order
Export as new Build Order

NOOOOOOOOB Protoss 

Build Orders:  

Get SALT Encoding   

    0:03  Zealot  
    0:32  Zealot  
  2  0:52  Zealot  
    1:19  Unknown  
  2  3:18  Zealot  
  2  3:45  Unknown  
  2  4:57  Immortal  
  2  5:22  Immortal  
  2  5:28  Zealot  
  2  5:36  Unknown  
  4  5:45  Zealot  
  4  5:55  Unknown  
  2  6:01  Unknown  
  4  6:12  Unknown  
  2  7:26  Zealot  
  2  7:53  Unknown  
  2  9:20  Zealot  
  2  9:45  Immortal  
  2  9:47  Unknown  
  2  10:24  Unknown  
  4  10:47  Unknown  
  4  10:48  Zealot  
  4  10:58  Unknown  
  4  11:15  Unknown  
  2  11:33  Zealot  
  2  12:00  Unknown  
  2  13:01  Zealot  
  2  13:28  Unknown  
  2  14:56  Immortal  
  2  15:35  Unknown  
  4  15:54  Unknown  
  4  17:01  Zealot  
  4  17:19  Unknown  
  4  17:28  Unknown  
  2  18:03  Zealot  
  2  18:30  Unknown  
Tags
 
Add a new tag
Caveats
  • Supply blocks, unpowered buildings, or Contaminate may cause inaccurate times.
  • Supply counts are checked every 10 seconds.